 Dungeon Crawl Stone Soup version 0.22-a0-422-g9628fc8 (webtiles) character file.

25 Falco the Ruffian (level 2, -2/23 HPs)
             Began as a Draconian Transmuter on May 21, 2018.
             Was an Initiate of Fedhas.
             Slain by a leopard gecko (4 damage)
             ... on level 2 of the Dungeon.
             The game lasted 00:07:04 (1000 turns).

Falco the Ruffian (Draconian Transmuter)            Turns: 1000, Time: 00:07:04

Health: -2/23      AC:  4    Str: 12    XL:     2   Next: 86%
Magic:  1/5        EV: 12    Int: 13    God:    Fedhas [......]
Gold:   10         SH:  0    Dex: 11    Spells: 2/5 levels left

rFire    . . .     SeeInvis .     - Unarmed
rCold    . . .     Gourm    .   (no shield)
rNeg     . . .     Faith    .   (armour unavailable)
rPois    .         Spirit   .   (helmet restricted)
rElec    .         Reflect  .   (no cloak)
rCorr    .         Harm     .   (no gloves)
MR       .....                  (no boots)
Stlth    +.........             (no amulet)
HPRegen  0.07/turn              (no ring)
MPRegen  0.09/turn              (no ring)

@: appendage, very slightly contaminated
A: unfitting armour, horns 2, cold-blooded, AC +4
a: End Transformation, Fungal Bloom, Renounce Religion


You were on level 2 of the Dungeon.
You worshipped Fedhas.
Fedhas was noncommittal.
You were hungry.
You had grown temporary horns.
You visited 1 branch of the dungeon, and saw 2 of its levels.

You collected 10 gold pieces.

Inventory:

Hand Weapons
 e - a +0 hunting sling
Missiles
 a - 11 arrows
 f - 17 poisoned needles
Scrolls
 b - a scroll of enchant armour
 d - a scroll of teleportation
Potions
 h - a potion of magic {unknown}
 i - a potion of curing {unknown}
Comestibles
 c - 2 rations


   Skills:
 + Level 1.1 Fighting
 + Level 2.0 Dodging
 + Level 3.5 Unarmed Combat
 + Level 2.2 Spellcasting
 + Level 2.3 Transmutations


You had 2 spell levels left.
You knew the following spells:

 Your Spells              Type           Power        Failure   Level  Hunger
a - Beastly Appendage     Tmut           #.....       10%         1    ##.....
b - Sticks to Snakes      Tmut           #.......     14%         2    ###....

Your spell library contained the following spells:

 Spells                   Type           Power        Failure   Level  Hunger
 Spider Form              Tmut/Pois      #.........   43%         3    ####...
 Blade Hands              Tmut           #.........   95%         5    ######.
 Ice Form                 Ice/Tmut       #.......     83%         4    #####..


Dungeon Overview and Level Annotations

Branches:
Dungeon (2/15)

Altars:
Fedhas


Innate Abilities, Weirdness & Mutations

Your plain brown scales are hard. (AC +4)
You cannot fit into any form of body armour.
You are cold-blooded and may be slowed by cold attacks.
You have a pair of horns on your head.


Message History

Your ball python misses the leopard gecko.
Your ball python grabs the leopard gecko.
Your ball python constricts the leopard gecko.
The leopard gecko struggles to escape constriction.
Your ball python bites the leopard gecko but does no damage.
Your ball python constricts the leopard gecko.
The leopard gecko bites your ball python.
Your ball python dies!
The leopard gecko hisses angrily.
Casting: Sticks to Snakes (safe; 14% risk of failure)
Confirm with . or Enter, or press ? or * to list all spells.
You grow a pair of large bovine horns.
The rat bites you.
* * * LOW HITPOINT WARNING * * *
You hit the rat.
The rat is severely wounded.
The rat bites you but does no damage. The leopard gecko closely misses you.
The leopard gecko bites you.
You die...
Fedhas appreciates your contribution to the ecosystem.

#... .... #..# #..# #..#
#..# #..# #..# #..# #..#
#..# #..# ..####..# #..#
..!....(#####..######.##
#.##..>.......rl@.......
#.....(.....#######.##
#.#########.# #.
######.#######.# .
................. .
########.######.#
#.##### #.#...# #.#...#


You could see a leopard gecko and a rat.

Vanquished Creatures
  2 ball pythons (D:1)
  3 giant cockroaches (D:1)
  A goblin (D:1)
  2 hobgoblins (D:1)
  4 jackals (D:1)
  2 kobolds (D:1)
  5 bats
  A frilled lizard (D:1)
  3 rats
23 creatures vanquished.

Vanquished Creatures (others)
  A toadstool (D:2)
1 creature vanquished.

Grand Total: 24 creatures vanquished

Notes
Turn   | Place    | Note
-------+----------+-------------------------------------------
     0 | D:1      | Falco the Draconian Transmuter began the quest for the Orb.
     0 | D:1      | Reached XP level 1. HP: 16/16 MP: 3/3
   279 | D:1      | Reached XP level 2. HP: 23/23 MP: 3/5
   884 | D:1      | Learned a level 2 spell: Sticks to Snakes
   930 | D:2      | Found a blossoming altar of Fedhas.
   937 | D:2      | Became a worshipper of Fedhas Madash
  1000 | D:2      | Slain by a leopard gecko

Vault maps used:
D:1:      elethiomel_arrival_quiet, minmay_misc_feat_cross,
          serial_bayou_crossing
D:2:      fedhas_altar_2

Skill      XL: |  1  2 |
---------------+-------+-----
Dodging        | 2 |  2.0
Fighting       | |  1.1
Unarmed Combat | |  3.5
Spellcasting   | |  2.2
Transmutations | |  2.3

Action                   || total
-------------------------++-------
Melee: Unarmed           ||    84
       Kick              ||     3
       Headbutt          ||     5
       Tailslap          ||     3
       Punch             ||     1
 Cast: Beastly Appendage ||    11
       Sticks to Snakes  ||     1
Invok: Fungal Bloom      ||     1
  Use: Scroll            ||     4
Armor: Skin              ||    30
Dodge: Dodged            ||    72

Table legend:
 A = Spawn XP
 B = Non-spawn XP
 C = Spawn XP percentage of total XP
 D = Spawn monster count
 E = Non-spawn monster count
 F = Spawn count percentage of total count
 G = Total turns spent on level
                    A         B        C        D         E        F      G
               +---------+---------+-------+---------+---------+-------+---------
         Total |       0 |      37 |   0.0 |       0 |      23 |   0.0 |  1000
               +---------+---------+-------+---------+---------+-------+---------
           D:1 |       0 |      35 |   0.0 |       0 |      21 |   0.0 |   907
           D:2 |       0 |       2 |   0.0 |       0 |       2 |   0.0 |    93
               +---------+---------+-------+---------+---------+-------+---------
